 Dungeon Crawl Stone Soup version 0.21.0 (webtiles) character file.

74 MTVSty1e the Caller (level 4, -3/38 HPs)
             Began as a Draconian Summoner on Jan 7, 2018.
             Shot with an arrow by a centaur (7 damage)
             ... on level 6 of the Dungeon.
             The game lasted 00:04:12 (1703 turns).

MTVSty1e the Caller (Draconian Summoner)            Turns: 1703, Time: 00:04:13

Health: -3/38      AC:  6    Str: 12    XL:     4   Next: 9%
Magic:  7/7        EV: 12    Int: 15    God:
Gold:   100        SH:  0    Dex: 11    Spells: 6/7 levels left

rFire    + . .     SeeInvis .   d - +0 dagger
rCold    + . .     Gourm    .   (no shield)
rNeg     . . .     Faith    .   (armour unavailable)
rPois    +         Spirit   .   (helmet restricted)
rElec    +         Reflect  .   (no cloak)
rCorr    +         Harm     .   (no gloves)
MR       .....                  k - +0 pair of boots
Stlth    ++........             e - amulet of regeneration
HPRegen  0.52/turn              (no ring)
MPRegen  0.10/turn              (no ring)

@: resistant
A: unfitting armour, cold-blooded, AC +5
a: no special abilities


You were on level 6 of the Dungeon.
You were not hungry.

You visited 1 branch of the dungeon, and saw 4 of its levels.

You collected 100 gold pieces.

Inventory:

Hand Weapons
 d - a +0 dagger (weapon)
Armour
 k - a +0 pair of boots (worn)
Jewellery
 e - an amulet of regeneration (around neck)
Wands
 r - a wand of paralysis (10)
 s - a wand of polymorph (11)
Scrolls
 c - a scroll of random uselessness {unknown}
 f - a scroll of identify
 g - a scroll of magic mapping {unknown}
 h - 2 scrolls of remove curse {unknown}
 j - 2 scrolls of teleportation {unknown}
 l - 2 scrolls of enchant armour {unknown}
 p - a scroll of fear {unknown}
 q - a scroll of noise {unknown}
Potions
 i - a potion of curing
 n - a potion of brilliance {unknown}
 o - a potion of lignification {unknown}
Books
 a - a book of Callings

   Spells                             Type                      Level
   a - Summon Small Mammal            Summoning                    1
   b - Call Imp                       Summoning                    2
   c - Call Canine Familiar           Summoning                    3
   d - Summon Guardian Golem          Hexes/Summoning              3
   e - Summon Lightning Spire         Summoning/Air                4
   f - Summon Ice Beast               Ice/Summoning                4
Comestibles
 b - 7 rations


   Skills:
 * Level 3.3 Fighting
 + Level 2.7 Dodging
 - Level 1.7 Stealth
 - Level 2.0 Spellcasting
 - Level 4.0 Summonings


You had 6 spell levels left.
You knew the following spells:

 Your Spells              Type           Power        Failure   Level  Hunger
a - Summon Small Mammal   Summ           ##..         4%          1    #......


Dungeon Overview and Level Annotations

Branches:
Dungeon (3/15)

Altars:
Fedhas

Annotations:
D:6 Blork the orc


Innate Abilities, Weirdness & Mutations

Your plain brown scales are hard. (AC +5)
You cannot fit into any form of body armour.
You are cold-blooded and may be slowed by cold attacks.


Message History

It was a potion of resistance.
You feel protected.
Blork the orc hits you with a long sword.
* * * LOW HITPOINT WARNING * * *
Blork the orc hits you with a long sword.
* * * LOW HITPOINT WARNING * * *
A centaur comes into view.
The centaur shouts!
The centaur wields a shortbow.
The centaur shoots an arrow.
The arrow hits you.
* * * LOW HITPOINT WARNING * * *
Blork the orc closely misses you.
Found a blossoming altar of Fedhas.
You see here an arrow.
Evoke which item? (* to show all) (? for menu, Esc to quit)
Aiming: Paralyse
Press: ? - help, Shift-Dir - straight line, f - Blork the orc
Aim: Blork the orc, wielding a long sword and wearing a robe (fast, chance to defeat MR: 46%) Blork the orc resists with some effort.
The centaur shoots an arrow.
The arrow hits you!
You die... ..# PP.# .
PPcP..

#. _PP.#
..PP.... .PPP.#
#.#.# #..@#
###o# #Z#
.#######.#
........###.#
......).....#
..#.###.###.#
##.#...##.#
.##.###.....#>#


You could see Blork the orc, a centaur and a ball python skeleton.

Vanquished Creatures
  2 adders (D:3)
  2 worms (D:2)
  A dart slug (D:2)
  2 giant cockroaches
  5 goblins (D:1)
  3 hobgoblins
  6 jackals
  3 kobolds
  A quokka (D:2)
  3 bats
  3 frilled lizards
  6 rats
37 creatures vanquished.

Vanquished Creatures (collateral kills)
  An adder (D:3)
  A worm (D:3)
  A kobold (D:3)
3 creatures vanquished.

Grand Total: 40 creatures vanquished

Notes
Turn   | Place    | Note
-------+----------+-------------------------------------------
     0 | D:1      | MTVSty1e the Draconian Summoner began the quest for the Orb.
     0 | D:1      | Reached XP level 1. HP: 14/14 MP: 3/3
   195 | D:1      | Reached skill level 1 in Fighting
   215 | D:1      | Reached XP level 2. HP: 16/23 MP: 5/5
   896 | D:2      | Reached XP level 3. HP: 30/30 MP: 6/6
  1429 | D:3      | Reached XP level 4. HP: 36/38 MP: 7/7
  1666 | D:3      | You fall through a shaft for 3 floors!
  1666 | D:6      | Noticed Blork the orc
  1702 | D:6      | Found a blossoming altar of Fedhas.
  1702 | D:6      | Noticed a centaur
  1703 | D:6      | Shot with an arrow by a centaur

Skill      XL: |  1  2  3 |
---------------+----------+-----
Dodging        | 2 |  2.7
Fighting       | 1 2 3 |  3.3
Stealth        | |  1.7
Spellcasting   | |  2.0
Summonings     | |  4.0

Action                   |  1- 3 |  4- 6 || total
-------------------------+-------+-------++-------
Melee: Dagger            |   240 |    26 ||   266
       Tailslap          |    21 |     5 ||    26
       Unarmed           |     2 |       ||     2
 Cast: Summon Small Mamm |     5 |     1 ||     6
Evoke: Wand              |       |     1 ||     1
  Use: Scroll            |     1 |       ||     1
       Potion            |       |     1 ||     1
 Stab: Sleeping          |     5 |       ||     5
  Eat: Ration            |     1 |       ||     1
Armor: Skin              |    75 |    21 ||    96
Dodge: Dodged            |   164 |    33 ||   197
